 Dungeon Crawl Stone Soup version 0.27-a0-1308-gc08437e49b (webtiles) character file.

Game seed: 8014995106020716744

93 bilbop the Charlatan (level 4, 0/38 HPs)
             Began as a Deep Dwarf Artificer on June 18, 2021.
             Was a Believer of Lugonu.
             Killed from afar by an orc wizard (7 damage)
             ... with a puff of flame
             ... on level 3 of the Dungeon.
             The game lasted 00:14:37 (2533 turns).

bilbop the Charlatan (Deep Dwarf Artificer)         Turns: 2533, Time: 00:14:38

Health: 0/38       AC:  7    Str: 15    XL:     4   Next: 36%
Magic:  4/4        EV: 11    Int: 12    God:    Lugonu [**....]
Gold:   112        SH:  4    Dex: 14    Spells: 3/3 levels left

rFire    . . .     SeeInvis .   h - +0 club
rCold    . . .     Faith    .   j - +0 buckler {AC+3}
rNeg     . . .     Spirit   .   b - +0 leather armour
rPois    .         Reflect  .   (no helmet)
rElec    .         Harm     .   (no cloak)
rCorr    .         Rampage  .   f - +0 pair of gloves
Will     .....                  (no boots)
Stlth    ++........             (no amulet)
HPRegen  0.00/turn              (no ring)
MPRegen  0.09/turn              (no ring)

@: no status effects
A: damage resistance, heal wounds, sense surroundings 1, no regeneration
a: Heal Wounds, Renounce Religion, Depart the Abyss, Bend Space


You were on level 3 of the Dungeon.
You worshipped Lugonu.
Lugonu was pleased with you.
You visited 1 branch of the dungeon, and saw 3 of its levels.

You collected 112 gold pieces.

Inventory:

Hand Weapons
 a - a +0 whip
 h - a +0 club (weapon)
Armour
 b - a +0 leather armour (worn)
 f - a +0 pair of gloves (worn)
 j - a +0 buckler of protection (worn)
Wands
 d - a wand of charming (4) (quivered)
Scrolls
 g - a scroll of holy word {unknown}
 n - a scroll of amnesia {unknown}
 p - a scroll of teleportation {unknown}
Potions
 c - a potion of flight {unknown}
 i - a potion of resistance {unknown}
 k - a potion of might {unknown}
 l - a potion of degeneration {unknown}
 m - a potion of brilliance {unknown}
 o - a potion of lignification {unknown}
Miscellaneous
 e - a piece from Xom's chessboard (15/15)


   Skills:
 + Level 1.5 Fighting
 + Level 1.0 Maces & Flails
 + Level 2.8 Armour
 + Level 2.0 Dodging
 + Level 2.4 Stealth
 + Level 1.1 Shields
 + Level 4.6 Evocations


You had 3 spell levels left.
You didn't know any spells.
Your spell library contained the following spells:

 Spells                   Type           Power      Damage    Failure   Level
 Beastly Appendage        Tmut           0%         N/A       52%         1
 Wereblood                Tmut           0%         N/A       65%         2
 Spider Form              Tmut/Pois      0%         N/A       87%         3
 Ice Form                 Ice/Tmut       0%         N/A       99%         4


Dungeon Overview and Level Annotations

Branches:
Dungeon (3/15)

Altars:
Wu Jian
Lugonu


Innate Abilities, Weirdness & Mutations

You are resistant to damage.
You can heal yourself by infusing magical energy.
You passively map a small area around you.
You do not regenerate.


Message History

The orc hits your orc with a +0 falchion!
Your orc is killed!
Lugonu accepts your kill.
Your orc wizard points at the orc priest and mumbles some strange words.
The puff of flame hits the orc!
The orc dies!
Lugonu accepts your kill.
Your Maces & Flails skill increases to level 1!
Your orc wizard hits the orc priest with a +0 dagger.
The orc priest dies!
Lugonu accepts your kill.
Your Dodging skill increases to level 2!
What are your orders? t - Shout!
Orders for allies: a - Attack new target. r - Retreat! s - Stop attacking. g - Guard the area. f - Follow me.
Anything else - Cancel.
Gang up on whom?
Press: ? - help, Dir - move target, f - rat
Aim: a rat Attack!
There is an open door here.
Your orc wizard hits the rat with a +0 dagger.
The rat dies!
Lugonu accepts your kill. What are your orders? t - Shout!
Orders for allies: a - Attack new target. r - Retreat! s - Stop attacking. g - Guard the area. f - Follow me.
Anything else - Cancel.
Okay, then.
Really attack your orc wizard?
You hit your orc wizard but do no damage.
The orc wizard is no longer charmed.
The orc wizard is severely wounded.
The orc wizard points at you and mumbles some strange words.
The puff of flame hits you!
You die...

* # , # # ##+####### #
,.........# # *
.........# ####### ,
.........#########......
.........'..............
......o@.#..............
.........#..............
.........#####..##......
.........# ##.##...... ,
..)).....# #..#...... ,,
.........# ##.#......
.........#* .#...... ,
......!..+ .+...... ,
*b#......


You could see an orc wizard.

Vanquished Creatures
  4 adders
  2 dart slugs (D:2)
  An orc (D:3)
  2 endoplasms (D:1)
  2 giant cockroaches
  5 goblins
  4 hobgoblins
  3 kobolds (D:1)
  3 ball pythons
  2 bats
  A frilled lizard (D:1)
  3 rats
32 creatures vanquished.

Vanquished Creatures (collateral kills)
  An orc priest (D:3)
  An adder (D:2)
  An orc (D:3)
  A bat (D:2)
  A hobgoblin (D:2)
  A frilled lizard (D:2)
  2 rats
8 creatures vanquished.

Grand Total: 40 creatures vanquished

Notes
Turn   | Place    | Note
-------+----------+-------------------------------------------
     0 | D:1      | bilbop the Deep Dwarf Artificer began the quest for the
                  | Orb.
     0 | D:1      | Reached XP level 1. HP: 16/16 MP: 1/1
    85 | D:1      | Reached skill level 1 in Fighting
   178 | D:1      | Reached XP level 2. HP: 23/25 MP: 2/2
  1474 | D:2      | Reached XP level 3. HP: 17/31 MP: 3/3
  1966 | D:2      | Found a faded altar of an unknown god.
  1974 | D:2      | Became a worshipper of Lugonu the Unformed
  1974 | D:2      | Reached * piety under Lugonu
  1974 | D:2      | Reached ** piety under Lugonu
  2132 | D:3      | Reached skill level 1 in Shields
  2132 | D:3      | Reached XP level 4. HP: 7/38 MP: 4/4
  2212 | D:3      | Found an ornate altar of the Wu Jian Council.
  2522 | D:3      | Reached skill level 1 in Maces & Flails
  2533 | D:3      | Killed from afar by an orc wizard

Illustrated notes

Levels and vault maps discovered:
D:1:      sevenhm_arrival_forest_fort_large_2, layout_basic, minmay_pentomino_t4
D:2:      layout_basic, dilly_ecumenical_altar_fadedgnrine
D:3:      wad_lake_hut, layout_basic, pdpol_wu_jian_five_deadly_venoms,
          uniq_jessica

Skill      XL: |  1  2  3  4 |
---------------+-------------+-----
Fighting       | 1 |  1.5
Stealth        | 2 |  2.4
Shields        | 1 |  1.1
Maces & Flails | 1 |  1.0
Dodging        | 2 |  2.0
Armour         | |  2.8
Evocations     | |  4.6

Action                   |  1- 3 |  4- 6 || total
-------------------------+-------+-------++-------
Melee: Club              |   127 |     1 ||   128
Invok: Bend Space        |     1 |       ||     1
Evoke: Wand              |    24 |     2 ||    26
 Stab: Sleeping          |     3 |       ||     3
Armor: Leather armour    |    75 |       ||    75
Dodge: Dodged            |    93 |       ||    93
Block: Buckler           |    22 |       ||    22

Table legend: (Time is in decaauts)
 A = Elapsed time spent in this place.
 B = Non-inter-level travel time spent in this place.
 C = Inter-level travel time spent in this place.
 D = Time resting spent in this place.
 E = Time spent auto-exploring this place.
 F = Levels seen in this place.
 G = Mean time per level.
                   A        B        C        D        E       F      G
               +--------+--------+--------+--------+--------+-----+--------+
         Total |   2577 |   2441 |    136 |    300 |   1412 |   3 |  859.0 |
       Dungeon |   2577 |   2441 |    136 |    300 |   1412 |   3 |  859.0 |
               +--------+--------+--------+--------+--------+-----+--------+

Top non-repeatable levels by time:
     D:1: 1493 daAuts
     D:2: 670 daAuts
     D:3: 412 daAuts
